 Dungeon Crawl Stone Soup version 0.30-a0-702-gdf48620a09 (webtiles) character file.

Game seed: 13686864415108529559

42 KennySheep the Conjurer (level 3, 0/28 HPs)
             Began as a Demigod Conjurer on Jan 21, 2023.
             Succumbed to an orc's poison
             ... on level 2 of the Dungeon.
             The game lasted 00:02:50 (1280 turns).

KennySheep the Conjurer (Demigod Conjurer)          Turns: 1280, Time: 00:02:50

Health: 0/28       AC:  4    Str:  6 (8)  XL:     3   Next: 17%
Magic:  0/8        EV: 12    Int: 21 (22) God:
Gold:   57         SH:  0    Dex: 10 (12) Spells: 3/6 levels left

rFire   . . .      SeeInvis .    e - +0 dagger
rCold   . . .      Faith    .    (no shield)
rNeg    . . .      Spirit   .    a - +0 robe
rPois   .          Reflect  .    (no helmet)
rElec   .          Harm     .    (no cloak)
rCorr   .          Rampage  .    (no gloves)
Will    .....                    (no boots)
Stlth   ++                       (no amulet)
HPRegen 0.24/turn                (no ring)
MPRegen 0.11/turn                (no ring)

@: lethally poisoned (0 -> -14)
A: high MP 1, forlorn, divine attributes, iridescent scales 1, dopey 1, robust 1
a: no special abilities


You were on level 2 of the Dungeon.
You visited 1 branch of the dungeon, and saw 2 of its levels.

You collected 57 gold pieces.

Inventory:

Hand Weapons
 e - a +0 dagger (weapon)
Armour
 a - a +0 robe (worn)
Jewellery
 c - a ring of fire
Scrolls
 d - a scroll of noise {unknown}
 f - a scroll of immolation {unknown}
 h - 2 scrolls of enchant armour {unknown}
 i - a scroll of fog {unknown}
 k - a scroll of magic mapping {unknown}
Potions
 b - a potion of magic
 j - a potion of invisibility {unknown}


   Skills:
 - Level 1.7 Dodging
 - Level 1.7 Stealth
 + Level 2.1 Spellcasting
 * Level 4.1 Conjurations
 * Level 1.6 Translocations


You had 3 spell levels left.
You knew the following spells:

 Your Spells              Type           Power      Damage    Failure   Level
a - Magic Dart            Conj           76%        1d6       2%          1
b - Searing Ray           Conj           38%        2d5       4%          2

Your spell library contained the following spells:

 Spells                   Type           Power      Damage    Failure   Level
 Blink                    Tloc           16%        N/A       12%         2
 Dazzling Flash           Conj/Hex       20%        N/A       19%         3
 Inner Flame              Hex/Fire       2%         N/A       41%         3
 Iskenderun's Mystic Bla  Conj/Tloc      14%        2d5       41%         4
 Fulminant Prism          Conj/Hex       5%         3d7       52%         4
 Manifold Assault         Tloc           8%         N/A       58%         4
 Cause Fear               Hex            1%         N/A       82%         4
 Storm Form               Tmut/Air       1%         N/A       100%        7
 Discord                  Hex            1%         N/A       100%        8


Dungeon Overview and Level Annotations

Branches:
Dungeon (2/15)


Innate Abilities, Weirdness & Mutations

You have an increased reservoir of magic. (+10% MP)
You shall have no god before yourself.
Your divine heritage dramatically boosts your attributes as you level up.
You are partially covered in iridescent scales. (AC +2)
You are dopey. (Int -2)
You are robust. (+10% HP)


Message History

You hit the orc.
The orc is heavily wounded.
The orc hits you with a +0 hand axe.
You hit the orc.
The orc is severely wounded.
The orc hits you with a +0 hand axe.
You hit the orc.
You kill the orc!
You hit the orc.
The orc is moderately wounded.
The orc hits you with a +0 club.
You barely miss the orc.
The orc is moderately wounded.
The orc barely misses you.
You barely miss the orc.
The orc is moderately wounded.
The orc hits you with a +0 club.
You closely miss the orc.
The orc is moderately wounded.
The orc hits you with a +0 club.
You closely miss the orc.
The orc is moderately wounded.
The orc hits you with a +0 club.
The magic dart hits the orc.
The orc is heavily wounded.
The orc hits you with a +0 club.
* * * LOW HITPOINT WARNING * * *
The orc throws a poisoned dart.
The poisoned dart hits you!
You are lethally poisoned!
It was a potion of degeneration.
There was something very wrong with that liquid.
You feel weakened.
You feel dopey.
You feel clumsy.
* * * LOW HITPOINT WARNING * * *
You feel very sick.
The orc throws a poisoned dart.
The poisoned dart hits you!
You are more poisoned.
It was a potion of mutation.
You feel extremely strange.
Iridescent scales grow over part of your body.
You feel stupid.
You feel robust.
You die...

#.#.......#.)#
#.#.......#..#
#.#..♣♣♣..#..#########
#.#..♣_♣..#...........
#.#..♣'♣..#...########
#.#..^....#..##
#.#.......#)##
#.####'####.#
##.......@.o.#
##.....#.######
##..####..#######
#..###..........# #.##
#..........# #.#
#..........# #.#
#........... ##.#
#..........#
#####..####..........#


You could see an orc.

Vanquished Creatures
  A gnoll (D:1)
  2 dart slugs (D:1)
  3 orcs (D:2)
  A ball python (D:1)
  2 endoplasms (D:1)
  A giant cockroach (D:1)
  2 hobgoblins (D:1)
  A bat (D:1)
  2 frilled lizards
  5 goblins (D:1)
  A kobold (D:1)
  4 rats (D:1)
25 creatures vanquished.

Notes
Turn   | Place    | Note
-------+----------+-------------------------------------------
     0 | D:1      | KennySheep the Demigod Conjurer began the quest for the
                  | Orb.
     0 | D:1      | Reached XP level 1. HP: 14/14 MP: 5/5
   112 | D:1      | Reached XP level 2. HP: 20/20 MP: 5/7
   115 | D:1      | Learned a level 2 spell: Searing Ray
   117 | D:1      | Reached skill level 1 in Translocations
   420 | D:1      | Reached skill level 4 in Conjurations
   780 | D:1      | Reached XP level 3. HP: 26/26 MP: 4/8
  1280 | D:2      | Gained mutation: You are partially covered in iridescent
                  | scales. (AC +2) [potion of mutation]
  1280 | D:2      | Gained mutation: You are dopey. (Int -2) [potion of
                  | mutation]
  1280 | D:2      | Gained mutation: You are robust. (+10% HP) [potion of
                  | mutation]
  1280 | D:2      | Succumbed to an orc's poison

Illustrated notes

Levels and vault maps discovered:
D:1:      scummos_arrival_forest, layout_basic, hex_intersection
D:2:      layout_basic, hellmonk_ecumenical_altar_inner_sanctum

Skill      XL: |  1  2 |
---------------+-------+-----
Translocations | 1 |  1.6
Spellcasting   | 2 |  2.1
Conjurations   | 4 |  4.1
Dodging        | |  1.7
Stealth        | |  1.7

Action                   || total
-------------------------++-------
Melee: Dagger            ||    20
       Unarmed           ||     3
 Cast: Magic Dart        ||    48
  Use: Potion            ||     2
Armor: Robe              ||     4
Dodge: Dodged            ||    17

Table legend: (Time is in decaauts)
 A = Elapsed time spent in this place.
 B = Non-inter-level travel time spent in this place.
 C = Inter-level travel time spent in this place.
 D = Time resting spent in this place.
 E = Time spent auto-exploring this place.
 F = Levels seen in this place.
 G = Mean time per level.
                   A        B        C        D        E       F      G
               +--------+--------+--------+--------+--------+-----+--------+
         Total |   1279 |   1260 |     19 |      0 |   1120 |   2 |  639.5 |
       Dungeon |   1279 |   1260 |     19 |      0 |   1120 |   2 |  639.5 |
               +--------+--------+--------+--------+--------+-----+--------+

Top non-repeatable levels by time:
     D:1: 1105 daAuts
     D:2: 173 daAuts
